 Dungeon Crawl Stone Soup version 0.23.0-38-g208d714 (webtiles) character file.

Game seed: 10338594303745549118

93 XSreality the Magician (level 4, -8/32 HPs)
             Began as a Gnoll Wizard on Feb 27, 2019.
             Killed by divine providence
             ... invoked by an orc priest
              (17 damage)
             ... on level 4 of the Dungeon.
             The game lasted 00:22:54 (2851 turns).

XSreality the Magician (Gnoll Wizard)               Turns: 2851, Time: 00:22:55

Health: -8/32      AC:  4    Str:  9    XL:     4   Next: 61%
Magic:  5/13       EV: 14    Int: 21    God:
Gold:   86         SH:  0    Dex: 14    Spells: 9/17 levels left

rFire    . . .     SeeInvis .   h - +0 dagger
rCold    . . .     Gourm    .   (no shield)
rNeg     . . .     Faith    .   i - +0 robe
rPois    +         Spirit   .   b - +1 hat
rElec    .         Reflect  .   (no cloak)
rCorr    .         Harm     .   (no gloves)
MR       .....                  e - +0 pair of boots (curse)
Stlth    +++.......             (no amulet)
HPRegen  0.10/turn              c - ring of poison resistance
MPRegen  0.13/turn              (no ring)

@: no status effects
A: distributed training, fangs 1, strong nose
a: no special abilities


You were on level 4 of the Dungeon.
You were not hungry.

You visited 1 branch of the dungeon, and saw 4 of its levels.

You collected 86 gold pieces.

Inventory:

Hand Weapons
 h - a +0 dagger (weapon)
 o - a +0 vampiric long sword
 r - a +0 short sword
Armour
 a - a +0 pair of boots
 b - a +1 hat (worn)
 e - a cursed +0 pair of boots (worn)
 i - a +0 robe (worn)
Jewellery
 c - a ring of poison resistance (left hand)
Scrolls
 g - a scroll of immolation {unknown}
 j - 2 scrolls of teleportation
 n - a scroll of identify {unknown}
 p - a scroll of enchant armour
Potions
 k - 2 potions of lignification {unknown}
 l - a potion of brilliance {unknown}
 m - a potion of invisibility {unknown}
 q - a potion of degeneration {unknown}
Comestibles
 d - 3 rations
 f - 4 chunks of flesh


   Skills:
 + Level 1.2 Fighting
 + Level 1.2 Short Blades
 + Level 1.2 Long Blades
 + Level 1.2 Axes
 + Level 1.2 Maces & Flails
 + Level 1.2 Polearms
 + Level 1.2 Staves
 + Level 1.2 Slings
 + Level 1.2 Bows
 + Level 1.2 Crossbows
 + Level 1.2 Throwing
 + Level 1.2 Armour
 + Level 4.6 Dodging
 + Level 4.3 Stealth
 + Level 1.2 Shields
 + Level 1.2 Unarmed Combat
 + Level 7.2 Spellcasting
 + Level 2.2 Conjurations
 + Level 1.0 Hexes
 + Level 1.0 Charms
 + Level 2.2 Summonings
 + Level 1.0 Necromancy
 + Level 2.2 Translocations
 + Level 1.0 Transmutations
 + Level 1.0 Fire Magic
 + Level 1.0 Ice Magic
 + Level 1.0 Air Magic
 + Level 1.0 Earth Magic
 + Level 1.0 Poison Magic
 + Level 1.3 Invocations
 + Level 1.2 Evocations


You had 9 spell levels left.
You knew the following spells:

 Your Spells              Type           Power        Failure   Level  Hunger
a - Magic Dart            Conj           ###.         3%          1    None
b - Call Imp              Summ           ###.....     4%          2    None
c - Blink                 Tloc           N/A          4%          2    None
d - Conjure Flame         Conj/Fire      ##......     13%         3    None

Your spell library contained the following spells:

 Spells                   Type           Power        Failure   Level  Hunger
 Slow                     Hex            ##......     9%          2    None
 Mephitic Cloud           Conj/Pois/Air  ##......     14%         3    None


Dungeon Overview and Level Annotations

Branches:
Dungeon (4/15)
 Temple: D:4-7

Altars:
Fedhas
Hepliaklqana
Sif Muna
Trog
The Shining One


Innate Abilities, Weirdness & Mutations

Your experience applies equally to all skills.
You have very sharp teeth.
Your uncanny sense of smell can sniff out nearby items.


Message History

Your crimson imp barely misses the orc priest.
Your crimson imp hits the orc priest.
The orc priest hits your crimson imp but does no damage.
The orc priest mumbles some strange prayers to Beogh against you.
Beogh smites you!
* * * LOW HITPOINT WARNING * * *
An orc comes into view. It is wielding a +0 short sword.
Your crimson imp hits the orc priest but does no damage.
The orc priest hits your shadow imp with a +0 mace.
Casting: Call Imp (safe; 4% risk of failure)
Confirm with . or Enter, or press ? or * to list all spells.
A beastly little devil appears in a puff of flame.
The orc priest hits your shadow imp but does no damage.
Your crimson imp disappears in a puff of smoke!
The orc priest looks satisfied for a moment.
Your crimson imp blinks!
The orc priest mumbles some strange prayers to Beogh against you.
Beogh smites you!
Ouch! That really hurt!
You die...

.... ##.......
#..##......# ##
#.........# ..## ###
##..#.....#..... #...
##...........#... ...
##..#....><....#
.##..##...##......##...#
.....#...####....## .
#...o.5.@...##
##.O####....# #)##
###....# #O## ..##..#
#..# #..# #.. #5.# #
o...# .o.#... .###..###


You could see an ogre, an orc priest and a friendly shadow imp.

Vanquished Creatures
  An adder (D:3)
  A dart slug (D:1)
  A leopard gecko (D:1)
  A ball python (D:1)
  2 giant cockroaches
  8 goblins
  3 hobgoblins
  6 bats
  3 frilled lizards
  7 kobolds
  6 rats
39 creatures vanquished.

Vanquished Creatures (collateral kills)
  Robin (D:2)
  2 adders
  A dart slug (D:1)
  A leopard gecko (D:3)
  5 orcs
  11 goblins
  2 hobgoblins
  2 jackals (D:3)
  A kobold (D:2)
  A ball python (D:1)
  A bat (D:1)
28 creatures vanquished.

Vanquished Creatures (others)
  3 fungi (D:3)
3 creatures vanquished.

Grand Total: 70 creatures vanquished

Notes
Turn   | Place    | Note
-------+----------+-------------------------------------------
     0 | D:1      | XSreality the Gnoll Wizard began the quest for the Orb.
     0 | D:1      | Reached XP level 1. HP: 13/13 MP: 8/8
   347 | D:1      | Reached XP level 2. HP: 19/19 MP: 7/10
   375 | D:1      | Learned a level 2 spell: Call Imp
   728 | D:1      | Reached XP level 3. HP: 25/25 MP: 4/11
   816 | D:1      | Found a glowing golden altar of the Shining One.
  1326 | D:2      | Noticed Robin
  1351 | D:2      | Reached skill level 1 in Invocations
  1352 | D:2      | Killed Robin
  1574 | D:2      | Reached skill level 1 in Fighting
  1574 | D:2      | Reached skill level 1 in Short Blades
  1574 | D:2      | Reached skill level 1 in Long Blades
  1574 | D:2      | Reached skill level 1 in Axes
  1574 | D:2      | Reached skill level 1 in Maces & Flails
  1574 | D:2      | Reached skill level 1 in Polearms
  1574 | D:2      | Reached skill level 1 in Staves
  1574 | D:2      | Reached skill level 1 in Slings
  1574 | D:2      | Reached skill level 1 in Bows
  1574 | D:2      | Reached skill level 1 in Crossbows
  1574 | D:2      | Reached skill level 1 in Throwing
  1574 | D:2      | Reached skill level 1 in Armour
  1574 | D:2      | Reached skill level 1 in Shields
  1574 | D:2      | Reached skill level 1 in Unarmed Combat
  1574 | D:2      | Reached skill level 1 in Evocations
  1584 | D:2      | Learned a level 2 spell: Blink
  1585 | D:2      | Found a deep blue altar of Sif Muna.
  1905 | D:3      | Reached XP level 4. HP: 32/32 MP: 8/13
  1946 | D:3      | Learned a level 3 spell: Conjure Flame
  2128 | D:3      | Found a bloodstained altar of Trog.
  2136 | D:3      | Found a faded altar of an unknown god.
  2177 | D:3      | Found a blossoming altar of Fedhas.
  2417 | D:3      | Found a hazy altar of Hepliaklqana.
  2833 | D:4      | Noticed an ogre
  2843 | D:4      | Reached skill level 1 in Hexes
  2843 | D:4      | Reached skill level 1 in Charms
  2843 | D:4      | Reached skill level 1 in Necromancy
  2843 | D:4      | Reached skill level 1 in Transmutations
  2843 | D:4      | Reached skill level 1 in Fire Magic
  2843 | D:4      | Reached skill level 1 in Ice Magic
  2843 | D:4      | Reached skill level 1 in Air Magic
  2843 | D:4      | Reached skill level 1 in Earth Magic
  2843 | D:4      | Reached skill level 1 in Poison Magic
  2851 | D:4      | Killed from afar by an orc priest

Skill      XL: |  1  2  3  4 |
---------------+-------------+-----
Conjurations   | 2 |  2.2
Summonings     | 2 |  2.2
Translocations | 2 |  2.2
Invocations    | 1 |  1.3
Fighting       | 1 |  1.2
Short Blades   | 1 |  1.2
Long Blades    | 1 |  1.2
Axes           | 1 |  1.2
Maces & Flails | 1 |  1.2
Polearms       | 1 |  1.2
Staves         | 1 |  1.2
Slings         | 1 |  1.2
Bows           | 1 |  1.2
Crossbows      | 1 |  1.2
Throwing       | 1 |  1.2
Armour         | 1 |  1.2
Shields        | 1 |  1.2
Unarmed Combat | 1 |  1.2
Evocations     | 1 |  1.2
Hexes          | 1 |  1.0
Charms         | 1 |  1.0
Necromancy     | 1 |  1.0
Transmutations | 1 |  1.0
Fire Magic     | 1 |  1.0
Ice Magic      | 1 |  1.0
Air Magic      | 1 |  1.0
Earth Magic    | 1 |  1.0
Poison Magic   | 1 |  1.0
Dodging        | |  4.6
Stealth        | |  4.3
Spellcasting   | |  7.2

Action                   |  1- 3 |  4- 6 || total
-------------------------+-------+-------++-------
Melee: Dagger            |    18 |    10 ||    28
       Bite              |     2 |       ||     2
 Cast: Magic Dart        |    46 |    27 ||    73
       Call Imp          |    16 |    18 ||    34
  Use: Scroll            |       |     2 ||     2
  Eat: Chunk             |     2 |     4 ||     6
Armor: Robe              |     7 |     3 ||    10
Dodge: Dodged            |    32 |    11 ||    43
